 Dungeon Crawl Stone Soup version 0.30.1 (webtiles) character file.

Game seed: 3865446495431846138

618 Graphine the Sneak (level 7, -3/41 HPs)
             Began as a Kobold Brigand on July 4, 2023.
             Slain by Edmund the wyvern (7 damage)
             ... on level 5 of the Dungeon.
             The game lasted 00:08:25 (4556 turns).

Graphine the Sneak (Kobold Brigand)                 Turns: 4556, Time: 00:08:25

Health: -3/41      AC:  6    Str:  9    XL:     7   Next: 74%
Magic:  7/7        EV: 21    Int: 18    God:
Gold:   166        SH:  0    Dex: 18    Spells: 6/6 levels left

rFire   + . .        i - +7 Spriggan's Knife {stab, EV+4 Stlth+}
rCold   . . .        (no shield)
rNeg    . . .        r - +1 robe {rF+}
rPois   .            b - +0 helmet
rElec   .            c - +0 cloak
rCorr   .            (no gloves)
SInv    .            q - +0 pair of boots
Will    .....        (no amulet)
Stlth   ++++++       f - +6 ring of intelligence
HPRegen 0.26/turn    (no ring)
MPRegen 0.10/turn

%: no passive effects
@: mighty, on berserk cooldown, slowed, very slow
A: small, no large weapons, nightstalker 3
a: no special abilities


You were on level 5 of the Dungeon.
You visited 1 branch of the dungeon, and saw 5 of its levels.

You collected 166 gold pieces.

Inventory:

Hand Weapons
 a - a +2 dagger
 i - the +7 Spriggan's Knife (weapon) {stab, EV+4 Stlth+}
   (You acquired it on level 2 of the Dungeon)

   Stab:      It is more effective when stabbing unaware enemies, sometimes
   treating them as though they were completely helpless.
   EV:        It affects your evasion (+4).
   Stlth:     It makes you more stealthy.
 j - a +1 dagger of holy wrath
 v - a +0 rapier
Missiles
 d - 14 poisoned darts (quivered)
 p - 3 curare-tipped darts
Armour
 b - a +0 helmet (worn)
 c - a +0 cloak (worn)
 q - a +0 pair of boots (worn)
 r - a +1 robe of fire resistance (worn)
Magical Staves
 s - a staff of fire
Jewellery
 f - a +6 ring of intelligence (left hand)
Wands
 e - a wand of polymorph (8)
Scrolls
 n - a scroll of vulnerability
Potions
 g - a potion of curing {unknown}
 h - 2 potions of berserk rage
 k - a potion of lignification {unknown}
 l - a potion of might
 m - a potion of brilliance {unknown}
 o - 2 potions of heal wounds {unknown}
 u - a potion of flight {unknown}


   Skills:
 + Level 3.6 Fighting
 * Level 5.7 Short Blades
 - Level 2.1 Throwing
 * Level 4.7 Dodging
 * Level 7.9 Stealth
 + Level 2.6 Evocations


You had 6 spell levels left.
You didn't know any spells.
Your spell library contained the following spells:

 Spells                   Type           Power      Damage    Failure   Level
 Apportation              Tloc           0%         N/A       22%         1
 Beastly Appendage        Tmut           0%         N/A       22%         1
 Necrotise                Necr           0%         1d4       22%         1
 Summon Small Mammal      Summ           0%         N/A       22%         1
 Wereblood                Tmut           0%         N/A       32%         2
 Spider Form              Tmut/Pois      0%         N/A       54%         3


Dungeon Overview and Level Annotations

Branches:
Dungeon (5/15)
 Temple: D:4-7

Altars:
Okawaru

Shops:
D:4 *

Annotations:
D:5 Edmund


Innate Abilities, Weirdness & Mutations

You are small and have problems with some larger weapons.
You are completely attuned to the shadows.


Message History

The orc completely misses you.
Okay, then.
A red film seems to cover your vision as you go berserk!
You feel yourself moving faster!
You feel mighty!
The orc hits you with a +2 dagger of speed.
The orc closely misses you. Something hits you.
* * * LOW HITPOINT WARNING * * *
You miss something. The orc closely misses you.
You puncture something!
Reactivating autopickup.
You feel a bit more experienced. The orc barely misses you.
The orc hits you with a +2 dagger of speed.
* * * LOW HITPOINT WARNING * * *
You puncture the orc!
You kill the orc!
You puncture the orc!
You kill the orc!
Things that are here:
a +2 dagger of protection; a +0 robe You feel a strong urge to attack something.
You are no longer berserk.
You are exhausted.
You feel yourself slow down.
You strike the helpless Edmund from behind!
You impale Edmund!!
Edmund is severely wounded.
Edmund hits you with a +1 flail of protection.
* * * LOW HITPOINT WARNING * * *
Aiming: Polymorph
Press: ? - help, Shift-Dir - straight line, f - Edmund
Aim: Edmund, wielding a +1 flail of protection and wearing a +0 leather armour (severely wounded, will become a centaur, a wyvern, or a sky beast, chance to affect: 55%) Edmund evaporates and reforms as a wyvern!
Edmund bites you.
* * * LOW HITPOINT WARNING * * *
Edmund closely misses you.
Okay, then.
It was a potion of might.
You feel very mighty all of a sudden. Edmund misses you. Edmund bites you!
You die...

#...≈≈≈# ⌠≈#....##
#....≈§#≈.>≈#.....#
#......≈≈≈≈≈≈§§§..#
#...§..###≈##§@...#
#....≈....≈≈≈.§...#
#####......≈..≈≈..§...#
...................≈..#
####...........######)#
...............l@..).)#
...............########
.......#########
.......# .......#
.......# .......#
..)....# ....<..#


You could see Edmund the wyvern.

Vanquished Creatures
  Duvessa (D:4)
  A sky beast (D:4)
  Dowan (D:4)
  4 orc priests (D:3)
  A gnoll bouda (D:4)
  Terence (D:2)
  An orc wizard (D:5)
  3 adders
  3 gnolls
  A worm (D:4)
  3 dart slugs
  19 orcs
  8 endoplasms
  5 giant cockroaches
  3 goblins
  6 hobgoblins
  5 jackals
  5 quokkas
  13 ball pythons
  10 bats
  2 frilled lizards
  6 kobolds
  5 rats
107 creatures vanquished.

Notes
Turn   | Place    | Note
-------+----------+-------------------------------------------
     0 | D:1      | Graphine the Kobold Brigand began the quest for the Orb.
     0 | D:1      | Reached XP level 1. HP: 12/12 MP: 1/1
   151 | D:1      | Reached XP level 2. HP: 17/17 MP: 2/2
   521 | D:1      | Reached XP level 3. HP: 22/22 MP: 3/3
  1096 | D:2      | Found an iron altar of Okawaru.
  1247 | D:2      | Reached skill level 6 in Stealth
  1277 | D:2      | Noticed Terence
  1287 | D:2      | Killed Terence
  1288 | D:2      | Reached XP level 4. HP: 18/27 MP: 4/4
  2017 | D:2      | Identified a scroll of acquirement
  2017 | D:2      | Acquired the +7 Spriggan's Knife {stab, EV+4 Stlth+}
  2017 | D:2      | Found the +7 Spriggan's Knife {stab, EV+4 Stlth+}
  2173 | D:3      | HP: 1/27 [orc priest/+1 heavy hand axe (12)]
  2176 | D:3      | Reached XP level 5. HP: 2/32 MP: 5/5
  2562 | D:3      | Reached skill level 1 in Evocations
  2641 | D:3      | Reached XP level 6. HP: 37/37 MP: 6/6
  2680 | D:3      | Reached skill level 7 in Stealth
  3235 | D:4      | Noticed Dowan
  3236 | D:4      | Noticed Duvessa
  3246 | D:4      | Killed Duvessa
  3247 | D:4      | Reached skill level 5 in Short Blades
  3247 | D:4      | Reached XP level 7. HP: 41/41 MP: 7/7
  3249 | D:4      | Killed Dowan
  3320 | D:4      | Found Ydawol's Mayhem Merchandise.
  4293 | D:5      | Entered Level 5 of the Dungeon
  4501 | D:5      | Noticed Edmund
  4555 | D:5      | Edmund changed into Edmund the wyvern
  4555 | D:5      | Noticed Edmund
  4556 | D:5      | Slain by Edmund the wyvern

Illustrated notes

Levels and vault maps discovered:
D:1:      lemuel_arrival_behind_the_door_small, layout_loops_ring,
          chequers_serial_rivers_micro_e
D:2:      layout_basic, basic_altar, uniq_terence
D:3:      layout_loops_ring, minmay_misc_feat_encased, grunt_decor_arrowhead,
          minmay_crystal_room, grunt_ministairs_6,
          nicolae_concentric_dashed_squares_mild
D:4:      layout_basic, minmay_shop_mayhem, hex_large, uniq_duvessa
D:5:      layout_basic, nicolae_qazlal_general_emergency, uniq_ijyb,
          uniq_edmund, uniq_sigmund

Skill      XL: |  1  2  3  4  5  6 |
---------------+-------------------+-----
Short Blades   | 3 4 5 |  5.7
Dodging        | 2 3 4 |  4.7
Stealth        | 6 7 |  7.9
Evocations     | 1 2 |  2.6
Fighting       | 3 |  3.6
Throwing       | |  2.1

Action                     |  1- 3 |  4- 6 |  7- 9 || total
---------------------------+-------+-------+-------++-------
  Melee: Dagger            |    77 |    39 |       ||   116
         Punch             |     1 |       |       ||     1
         Knife             |       |    80 |    63 ||   143
  Throw: Dart              |     3 |       |       ||     3
  Evoke: Wand              |       |       |     1 ||     1
    Use: Scroll            |     1 |     6 |     1 ||     8
         Potion            |       |     1 |     2 ||     3
   Stab: Sleeping          |    23 |    16 |    10 ||    49
         Distracted        |       |     5 |     2 ||     7
 Armour: Robe              |    11 |    16 |    10 ||    37
  Dodge: Dodged            |    47 |    87 |    43 ||   177
